[Event "*** SCC Grand Prix: Titled Tuesday Blitz"]
[Site "Chess.com"]
[Date "2020.10.13"]
[Round "2"]
[White "smshk35"]
[Black "VladaSviridova"]
[Result "1-0"]
[WhiteElo "2468"]
[BlackElo "2248"]
[TimeControl "180+1"]
[EndTime "10:17:32 PDT"]
[Termination "smshk35 won on time"]

1. e4 e6 2. d4 d5 3. Nd2 c5 4.
Ngf3 cxd4 5. Nxd4 Nc6 6. Bb5 Bd7 7. Nxc6 bxc6 8. Bd3 Bd6 9. Qe2 Ne7 10. Nf3 Ng6 11.
e5 Bc7 12. O-O O-O 13. h4 h6 14. h5 Ne7 15. c4 c5 16. b3 Rb8 17. Ba3 Bb6 18. Bc2 d4 19. Qd3 g6 20. hxg6 fxg6 21. Nh4 Qe8 22. b4 Nf5 23. bxc5 Ba5 24. c6 Bxc6 25. Bxf8 Qxf8 26. Nxg6 Qg7 27. Nf4 Kh7 28. f3 Re8 29. Nxe6 Rxe6 30. Qxf5+ Rg6 31. Qxg6+ Qxg6 32. Bxg6+ Kxg6 33. Rfd1 Bc3 34. Rac1 Ba4 35. Rxc3 dxc3 36.
Rc1 c2 37. f4 Kf5 38. Kf2 Kxf4 39. e6 Ke5 40. e7 Kd4 41. e8=Q Bxe8 42. Rxc2 Ba4 43.
Rc1 Kd3 44. c5 Bc6 45. Rd1+ Kc4 46. Rd6 Kxc5 47. Rxh6 a5 48. Rh5+ Kb4 49. a3+ Ka4 50.
g4 Bb5 51. Re5 Bc4 52. g5 Bd3 53. Ke3 Bc2 54. Kf4 Bb1 55. Rc5 Bg6 56. Ke5 1-0

[Event "*** SCC Grand Prix: Titled Tuesday Blitz"]
[Site "Chess.com"]
[Date "2020.10.13"]
[Round "2"]
[White "tornikesanikidze"]
[Black "VladimirBugayev"]
[Result "1-0"]
[WhiteElo "2668"]
[BlackElo "2333"]
[TimeControl "180+1"]
[EndTime "10:17:34 PDT"]
[Termination "tornikesanikidze won on time"]

1. d4 d5 2. c4 c6 3. Nf3 Nf6 4.
cxd5 cxd5 5. Nc3 Nc6 6. Bf4 a6 7. Ne5 e6 8. e3 Be7 9. Bd3 O-O 10. O-O Nxe5 11. dxe5 Nd7 12. Qg4 f5 13. exf6 Nxf6 14.
Qg3 Nh5 15. Qh3 g6 16. Be5 Bf6 17. Bxf6 Qxf6 18. g4 Ng7 19. f4 Bd7 20. Rae1 b5 21. a3 Rac8 22. Qg3 h5 23. g5 Qe7 24. Bxg6 Nf5 25. Bxf5 Rxf5 26. Ne2 e5 27. Qf3 d4 28. Ng3 e4 29. Qxh5 d3 30. Nxf5 Bxf5 31. Rd1 Rc2 32.
g6 Qf6 33. Rf2 Bxg6 34. Qd5+ Kh7 35. Rxc2 dxc2 36. Rc1 Qxb2 37. Qd2 Qxa3 38. Rxc2 Qa1+ 39. Kg2 Qf6 40. Rc7+ Kh6 41. Qd5 Qh4 42. Qg5+ Qxg5+ 43. fxg5+ Kxg5 44. Ra7 Bf5 45. Rxa6 Bg4 46. Kf2 1-0

[Event "*** SCC Grand Prix: Titled Tuesday Blitz"]
[Site "Chess.com"]
[Date "2020.10.13"]
[Round "2"]
[White "MITerryble"]
[Black "Legendinunknown"]
[Result "0-1"]
[WhiteElo "2919"]
[BlackElo "2608"]
[TimeControl "180+1"]
[EndTime "10:17:35 PDT"]
[Termination "Legendinunknown won by resignation"]

1. d4 d5 2. Nf3 Nf6 3. c4 c6 4.
Nc3 e6 5. Bg5 dxc4 6. e4 b5 7.
e5 h6 8. Bh4 g5 9. exf6 gxh4 10. Ne5 Qxf6 11. g3 Nd7 12. Qe2 Bb7 13. Bg2 Nxe5 14. dxe5 Qe7 15. a4 Bg7 16. O-O O-O 17.
f4 hxg3 18. hxg3 a6 19. Ne4 c5 20. Nf6+ Kh8 21. Qc2 Bxf6 22. exf6 Qc7 23. Bxb7 Qxb7 24. Qh2 Kh7 25. Qc2+ Kh8 26. Qh2 Qe4 27. Qxh6+ Qh7 28. Qxh7+ Kxh7 29. g4 Kg6 30. g5 Rfd8 31. Rf2 b4 32. Rc1 Rd4 33. Kg2 Rad8 34. Rh1 Kf5 35. Rh6 c3 36. bxc3 bxc3 37. Rh3 Rc4 38. Rc2 Rd2+ 39.
Rxd2 cxd2 40. Rd3 Rd4 41. Rxd4 cxd4 0-1

[Event "*** SCC Grand Prix: Titled Tuesday Blitz"]
[Site "Chess.com"]
[Date "2020.10.13"]
[Round "2"]
[White "vladislavkovalev"]
[Black "Iskusnyh"]
[Result "1-0"]
[WhiteElo "2865"]
[BlackElo "2568"]
[TimeControl "180+1"]
[EndTime "10:17:35 PDT"]
[Termination "vladislavkovalev won on time"]

1. e4 e6 2. d4 d5 3. Nd2 c5 4. Ngf3 cxd4 5. Nxd4 Nc6 6. Bb5 Bd7 7.
Nxc6 bxc6 8. Bd3 Bd6 9. O-O Ne7 10.
Qe2 Qc7 11. Nf3 Ng6 12. Re1 O-O 13. e5 Be7 14. h4 c5 15. h5 c4 16. Bxg6 fxg6 17.
hxg6 hxg6 18. Bg5 Bc5 19. Be3 Be7 20. Rad1 Rab8 21. c3 Rf5 22. Rd4 Rbf8 23. Rg4 Be8 24. Bd4 g5 25. Qe3 Bh5 26. Rg3 Bxf3 27. gxf3 a5 28.
Kg2 Qb7 29. Qe2 Qb5 30. Rh1 Qe8 31. Rgh3 Qg6 32. Qd1 Rf4 33. Rg3 Qf5 34. Be3 Kf7 35. Bxf4 gxf4 36. Rg4 g5 37. Qb1 Kg6 38. Qe1 Rb8 39. Qg1 1-0

[Event "*** SCC Grand Prix: Titled Tuesday Blitz"]
[Site "Chess.com"]
[Date "2020.10.13"]
[Round "2"]
[White "Lagmantr"]
[Black "BigAl"]
[Result "1-0"]
[WhiteElo "2723"]
[BlackElo "2502"]
[TimeControl "180+1"]
[EndTime "10:17:36 PDT"]
[Termination "Lagmantr won on time"]

1. Nf3 Nf6 2. c4 g6 3. b3 Bg7 4.
Bb2 O-O 5. d4 d5 6. g3 dxc4 7.
bxc4 c5 8. Bg2 Nc6 9. d5 Na5 10.
Nbd2 Nxd5 11. Bxg7 Ne3 12. fxe3 Kxg7 13. Qc2 f6 14. O-O Qc7 15. Nb3 Bf5 16. e4 Be6 17. Nxa5 Qxa5 18. Rab1 Qa6 19. e5 Rab8 20. exf6+ exf6 21. Nd2 Bf5 22. e4 Be6 23. Qc3 Qd6 24. Nf3 b6 25.
Rbd1 Qe7 26. e5 f5 27. Rd6 h6 28. Rfd1 Rf7 29. Nh4 Re8 30. Bc6 g5 31. Bxe8 Qxe8 32. Ng2 Re7 33. Ne3 Qh5 34. Rxe6 Rxe6 35. Nxf5+ Kf7 36.
Rf1 Kg8 37. Qd3 Qe8 38. Qd5 Kh7 39. Nd6 Qg8 40. Rf7+ 1-0

[Event "*** SCC Grand Prix: Titled Tuesday Blitz"]
[Site "Chess.com"]
[Date "2020.10.13"]
[Round "2"]
[White "r31415"]
[Black "Fischerev7"]
[Result "1-0"]
[WhiteElo "2467"]
[BlackElo "2245"]
[TimeControl "180+1"]
[EndTime "10:17:36 PDT"]
[Termination "r31415 won by resignation"]

1. d4 Nf6 2. c4 e6 3. Nf3 Bb4+ 4. Nc3 a5 5. Qc2 O-O 6. Bg5 d5 7. e3 Nbd7 8. Bd3 h6 9. Bh4 b6 10. O-O Be7 11. cxd5 exd5 12. Ne5 Bb7 13. f4 c5 14.
Qa4 Rc8 15. Rad1 Re8 16. Bb5 Nxe5 17. Bxe8 Nxe8 18. Bxe7 Qxe7 19. fxe5 Nc7 20. Rf3 cxd4 21. exd4 Ne6 22. Rdf1 Rf8 23. Rd1 Qh4 24. Ne2 Ba6 25. Nc3 Bb7 26. Rf2 Rd8 27. Qb3 Rf8 28. Qxb6 Ba8 29.
Qa7 Qg5 30. Ne2 Qe3 31. Rf1 Qg5 32. Kh1 Qg6 33. Ng3 Nxd4 34. Qxd4 Bc6 35. Nf5 Bd7 36. Ne7+ Kh7 37. Nxg6 fxg6 38. Rxf8 1-0

[Event "*** SCC Grand Prix: Titled Tuesday Blitz"]
[Site "Chess.com"]
[Date "2020.10.13"]
[Round "2"]
[White "stefy02"]
[Black "boasovietica"]
[Result "0-1"]
[WhiteElo "2199"]
[BlackElo "2423"]
[TimeControl "180+1"]
[EndTime "10:17:36 PDT"]
[Termination "boasovietica won by resignation"]

1. e4 e5 2. Nf3 Nc6 3. Bb5 a6 4. Ba4 Nf6 5. O-O Be7 6. Re1 b5 7. Bb3 d6 8. c3 O-O 9. h3 Bb7 10. d4 Nd7 11. Nbd2 exd4 12. cxd4 Bf6 13. Nf1 Na5 14.
Bc2 Re8 15. Ng3 g6 16. Bd2 Nc4 17. Bc3 c5 18. b3 Na3 19. Bd3 b4 20. Bb2 Nb5 21.
Bc4 Nb6 22. e5 Bg7 23. e6 fxe6 24. Bxe6+ Kh8 25. Qd2 Bxf3 26. gxf3 Nxd4 27. Bxd4 Bxd4 28. Rad1 Qh4 29. Kg2 Re7 30. Re4 Qf6 31. Qe2 Rae8 32.
Bc4 d5 33. Bxd5 Nxd5 34. Rdxd4 cxd4 35. Rxe7 Nf4+ 36. Kh2 Rxe7 37. Qc4 Kg7 38. Qc5 Qe5 39. Qc6 Ne2 40. Qd7 Rxd7 0-1

[Event "*** SCC Grand Prix: Titled Tuesday Blitz"]
[Site "Chess.com"]
[Date "2020.10.13"]
[Round "2"]
[White "Zkid"]
[Black "INLOVEWITHF"]
[Result "1-0"]
[WhiteElo "2810"]
[BlackElo "2546"]
[TimeControl "180+1"]
[EndTime "10:17:37 PDT"]
[Termination "Zkid won by resignation"]

1. e4 e5 2. Nf3 Nc6 3. Bc4 Nf6 4. d3 Bc5 5. O-O a6 6. c3 d6 7. a4 h6 8. b4 Ba7 9. Re1 O-O 10. Nbd2 Be6 11.
h3 Re8 12. Bb3 d5 13. Bc2 d4 14. Bb2 dxc3 15. Bxc3 Nd4 16. Nxe5 Bxh3 17. Ndf3 Bg4 18. Nxg4 Nxg4 19. Bxd4 Bxd4 20. Nxd4 Qh4 21. Qf3 Qh2+ 22. Kf1 h5 23. Qg3 Rad8 24. Nf3 Qxg3 25. fxg3 f5 26. Bb3+ Kf8 27. Bc4 fxe4 28. dxe4 c5 29. bxc5 Rc8 30. Bd5 Rxc5 31. Rac1 Ne3+ 32. Kf2 Rxc1 33. Rxc1 Nxd5 34.
exd5 Rd8 35. Rd1 b5 36. a5 Ke7 37. Ne5 Rf8+ 38. Ke3 Kd6 39. Ng6 Rf5 40. Nf4 g5 41. Nxh5 Re5+ 42. Kf3 Rxd5 43. Rxd5+ Kxd5 44. Nf6+ Kc4 45. Ke2 b4 46. Kd2 Kb3 47. Ne4 Ka2 48. Nxg5 b3 49. Ne4 b2 50. Nc3+ Kb3 51. g4 Kc4 52. g5 Kd4 53. g6 b1=Q 54. Nxb1 1-0

[Event "*** SCC Grand Prix: Titled Tuesday Blitz"]
[Site "Chess.com"]
[Date "2020.10.13"]
[Round "2"]
[White "CaspiIsrael"]
[Black "BilodeauA"]
[Result "0-1"]
[WhiteElo "2585"]
[BlackElo "2916"]
[TimeControl "180+1"]
[EndTime "10:17:38 PDT"]
[Termination "BilodeauA won by checkmate"]

1. e4 e5 2. Nf3 Nc6 3. d4 exd4 4. Nxd4 Bc5 5. Nb3 Bb6 6. Nc3 d6 7. Qe2 Be6 8. Be3 Nf6 9. O-O-O O-O 10. Kb1 Bxe3 11.
Qxe3 a6 12. f3 b5 13. g4 Nd7 14. h4 Nb6 15. h5 h6 16. Rg1 f6 17. f4 Qe7 18. Nd4 Nxd4 19. Qxd4 Rad8 20. Bd3 c5 21. Qf2 b4 22. Ne2 Rb8 23. Nc1 c4 24. Be2 b3 25.
cxb3 cxb3 26. axb3 Bf7 27. Bd3 Nd7 28. Rge1 Nc5 29.
Bc2 a5 30. Qd4 Qb7 31. Qxd6 Rfc8 32. Re3 a4 33. Rc3 axb3 34. Bd3 Na4 35. Rxc8+ Rxc8 36.
Qa3 Nc5 37. e5 fxe5 38. fxe5 Qf3 39. Rd2 Be6 40. Qb4 Nxd3 41. Rxd3 Rxc1+ 42. Kxc1 Qxd3 43. Qf4 Qc2# 0-1

[Event "*** SCC Grand Prix: Titled Tuesday Blitz"]
[Site "Chess.com"]
[Date "2020.10.13"]
[Round "2"]
[White "amintabatabaei"]
[Black "Keithonsky"]
[Result "1-0"]
[WhiteElo "2903"]
[BlackElo "2577"]
[TimeControl "180+1"]
[EndTime "10:17:39 PDT"]
[Termination "amintabatabaei won by resignation"]

1. e4 e6 2. d4 d5 3. Nc3 dxe4 4. Nxe4 Nd7 5. Nf3 Ngf6 6. Bd3 Nxe4 7. Bxe4 Nf6 8. Bd3 c5 9. dxc5 Bxc5 10. Qe2 O-O 11. Bg5 Be7 12. O-O-O Qa5 13. Kb1 h6 14. Bxf6 Bxf6 15. h4 Bd7 16. g4 Qb4 17.
c4 Bc6 18. Rh3 Bxf3 19. Rxf3 Bxh4 20. Qe4 g6 21. a3 Qb6 22. Bc2 Rad8 23. Rh1 Bg5 24.
Rb3 Qc6 25. Rxb7 Qxe4 26. Bxe4 Rd2 27. f3 a5 28. c5 Kg7 29. c6 Rc8 30. Rc1 Bf4 31.
b4 axb4 32. axb4 Ra8 33. Rb5 Be3 34. c7 Bd4 35. Rc3 Rc8 36. Rb8 Rxc7 37. Rxc7 Be5 38. Rbb7 Bxc7 39. Rxc7 Kf6 40. b5 Rd4 41. Kc2 Rb4 42. Rb7 Ke5 43. Kc3 Ra4 44. Rxf7 Ra3+ 45. Kb4 Ra2 46. b6 Rb2+ 47. Ka5 h5 48. gxh5 gxh5 49. b7 1-0

[Event "*** SCC Grand Prix: Titled Tuesday Blitz"]
[Site "Chess.com"]
[Date "2020.10.13"]
[Round "2"]
[White "Nikita_Klepikov"]
[Black "Beltsychess"]
[Result "1/2-1/2"]
[WhiteElo "2261"]
[BlackElo "2633"]
[TimeControl "180+1"]
[EndTime "10:17:39 PDT"]
[Termination "Game drawn by repetition"]

1. e4 Nf6 2. e5 Nd5 3. d4 d6 4. c4 Nb6 5. exd6 cxd6 6. Nc3 g6 7.
Be3 Bg7 8. Rc1 O-O 9. b3 Bf5 10. Nge2 d5 11. c5 Nc8 12. Ng3 Nc6 13. h4 e6 14. h5 N8e7 15. Be2 e5 16. hxg6 Bxg6 17.
Nb5 f5 18. Bg5 a6 19. Nd6 Nxd4 20. Nh5 Bxh5 21. Bxh5 b6 22. b4 a5 23. a3 axb4 24. axb4 bxc5 25. bxc5 Ra2 26. Bf7+ Rxf7 27. Nxf7 Kxf7 28.
Rxh7 Qa5+ 29. Kf1 Qb5+ 30. Kg1 Ne2+ 31. Kh1 Kg6 32. Bxe7 Kxh7 33. c6 Ra4 34. c7 Qa6 35. Qxa4 Qxa4 36. c8=Q Nxc1 37. Qxf5+ Kg8 38. Qe6+ Kh7 39.
Qf5+ Kh8 40. Qc8+ Kh7 41. Qf5+ 1/2-1/2

[Event "*** SCC Grand Prix: Titled Tuesday Blitz"]
[Site "Chess.com"]
[Date "2020.10.13"]
[Round "2"]
[White "MikeSailer"]
[Black "Ladislav1969"]
[Result "1-0"]
[WhiteElo "2105"]
[BlackElo "2373"]
[TimeControl "180+1"]
[EndTime "10:17:39 PDT"]
[Termination "MikeSailer won by checkmate"]

1. d4 Nf6 2. Bf4 g6 3. e3 Bg7 4. Nf3 d5 5. Be2 c5 6. c3 b6 7.
h3 Nc6 8. O-O Bb7 9. Nbd2 O-O 10. Ne5 Nd7 11. Nxd7 Qxd7 12. Nf3 Rfe8 13. Bb5 a6 14.
Ne5 Bxe5 15. Bxc6 Qxc6 16. Bxe5 f6 17. Bg3 e5 18. Qg4 exd4 19. exd4 Re4 20. Qd1 cxd4 21. cxd4 Rc8 22. f3 Re6 23. Rf2 Qc4 24. b3 Qb4 25.
Rb1 a5 26. Kh2 Ba6 27. Rd2 Qc3 28. Bf2 Kg7 29. Rbb2 Rce8 30. Rbc2 Qb4 31. Rc7+ R8e7 32. Rdc2 Bb5 33. Rxe7+ Rxe7 34. Rc8 Qa3 35. Qc2 Qd6+ 36.
Bg3 Qe6 37. Rb8 h5 38. h4 g5 39. hxg5 fxg5 40. Be5+ Kf7 41. Qh7# 1-0

[Event "*** SCC Grand Prix: Titled Tuesday Blitz"]
[Site "Chess.com"]
[Date "2020.10.13"]
[Round "2"]
[White "K_A_S_T_O_R"]
[Black "Ural_bogatyr"]
[Result "1-0"]
[WhiteElo "2696"]
[BlackElo "2415"]
[TimeControl "180+1"]
[EndTime "10:17:41 PDT"]
[Termination "K_A_S_T_O_R won on time"]

1. e4 e5 2. Nf3 Nc6 3. Bc4 Nf6 4. Ng5 d5 5. exd5 Na5 6. Bb5+ Bd7 7. Qe2 Be7 8. Nc3 O-O 9. O-O Bxb5 10. Qxb5 c6 11. dxc6 Nxc6 12. Qe2 Nd4 13. Qd1 Rc8 14. d3 b5 15. a3 a5 16. Be3 Nd5 17. Nge4 f5 18. Nxd5 Qxd5 19. Nc3 Qc6 20. Re1 Bf6 21. Rc1 Ne6 22.
f3 b4 23. axb4 axb4 24. Ne2 Rfd8 25. c3 Qa6 26. d4 exd4 27. Nxd4 Nxd4 28. Bxd4 Bxd4+ 29.
cxd4 Rxc1 30. Qxc1 Rxd4 31. Qc7 h6 32. Qe5 Qb6 33. Kh1 Rd2 34. Qxf5 Rd8 35. h3 Kh8 36. Qf7 Qf2 37. Re8+ Rxe8 38. Qxe8+ Kh7 39. Qe4+ Kh8 40. Qxb4 h5 41. Qc3 h4 42. Qc1 1-0

[Event "*** SCC Grand Prix: Titled Tuesday Blitz"]
[Site "Chess.com"]
[Date "2020.10.13"]
[Round "2"]
[White "norwaytoadog"]
[Black "Margency"]
[Result "0-1"]
[WhiteElo "2313"]
[BlackElo "2596"]
[TimeControl "180+1"]
[EndTime "10:17:41 PDT"]
[Termination "Margency won on time"]

1. e4 c5 2. Nf3 d6 3. Bb5+ Nc6 4.
Bxc6+ bxc6 5. O-O Bg4 6. h3 Bxf3 7. Qxf3 Nf6 8. e5 dxe5 9. Qxc6+ Nd7 10. Nc3 e6 11. Re1 Qc8 12. Qa4 Bd6 13. Ne4 Be7 14.
d3 O-O 15. f4 exf4 16. Bxf4 Nb6 17. Qb5 c4 18. Bd6 Re8 19. Bxe7 Rxe7 20. Qg5 Rc7 21. Re3 Qd8 22. Qe5 cxd3 23. Rxd3 Nd5 24. Rg3 Qf8 25.
Rd1 Rxc2 26. Rxd5 exd5 27. Nf6+ Kh8 28. Qf5 Rc1+ 29. Kh2 g6 30. Qf4 Rc4 31. Qe5 Qg7 32. Qe7 Rf4 33. Nxd5 Rf5 34. Rd3 Qe5+ 35. Kh1 Qxe7 36.
Nxe7 Rf1+ 37. Kh2 Re8 38. Nc6 a6 39. Nb4 a5 40. Nc6 a4 0-1

[Event "*** SCC Grand Prix: Titled Tuesday Blitz"]
[Site "Chess.com"]
[Date "2020.10.13"]
[Round "2"]
[White "PattyCastillo"]
[Black "jens1102"]
[Result "0-1"]
[WhiteElo "2006"]
[BlackElo "2371"]
[TimeControl "180+1"]
[EndTime "10:17:41 PDT"]
[Termination "jens1102 won on time"]

1. d4 d5 2. Nf3 Nf6 3. e3 e6 4.
Bd3 b6 5. b3 Bb7 6. Bb2 Bd6 7.
O-O O-O 8. Nbd2 c5 9. Ne5 Nc6 10. f4 Rc8 11. a3 Ne7 12. Qe2 Qc7 13. Rac1 Ne4 14. c4 Nxd2 15. Qxd2 f6 16. Qc2 Nf5 17.
Rce1 fxe5 18. fxe5 Be7 19. Rxf5 exf5 20. Bxf5 cxd4 21. Bxh7+ Kh8 22. exd4 dxc4 23. bxc4 Qxc4 24. Qg6 Qf7 25. Qxf7 Rxf7 26. Bg6 Rf4 27. g3 Rf3 28. Bh5 Rc2 29. Bxf3 Bxf3 30. Bc1 Rg2+ 31. Kf1 Rxh2 32. Re3 Bd5 33. Rc3 Kh7 34. Rc7 Rh1+ 35. Ke2 Rh2+ 36. Kd3 Bf8 37. Bf4 Rh1 38. Rd7 Rd1+ 39. Ke2 Bb3 40. Rd8 Bxa3 41. g4 Bb4 42. Kf3 Rf1+ 0-1

[Event "*** SCC Grand Prix: Titled Tuesday Blitz"]
[Site "Chess.com"]
[Date "2020.10.13"]
[Round "2"]
[White "Sanan_Sjugirov"]
[Black "shrek4life02"]
[Result "1-0"]
[WhiteElo "2894"]
[BlackElo "2574"]
[TimeControl "180+1"]
[EndTime "10:17:42 PDT"]
[Termination "Sanan_Sjugirov won by resignation"]

1. d4 Nf6 2. c4 g6 3. Nc3 d5 4.
cxd5 Nxd5 5. e4 Nxc3 6. bxc3 Bg7 7. Bc4 O-O 8. Ne2 c6 9. O-O b5 10. Bd3 a5 11. Be3 Nd7 12. Qd2 Nb6 13. Bh6 Ba6 14.
Bxg7 Kxg7 15. h4 Qc7 16. h5 Rfd8 17. Qe3 b4 18. h6+ Kg8 19. Bxa6 Rxa6 20. cxb4 axb4 21. Rfc1 Qd6 22. Rc2 Ra3 23. Qc1 Rc8 24. Rb1 Nd7 25. d5 Ne5 26. Qb2 f6 27. Qxb4 Qxb4 28. Rxb4 c5 29.
Rb7 Ng4 30. Rxe7 Nxh6 31. Nf4 Ng4 32. Ne6 Rd3 33. g3 c4 34. a4 c3 35. Rg7+ Kh8 36. Rc7 Rxc7 37. Nxc7 Ne5 38. a5 Nf3+ 39. Kf1 Nd4 40. Rc1 c2 41. Ke1 Rc3 42. d6 Kg7 43. a6 Nc6 44. Kd2 Ra3 45. Rxc2 Rxa6 46. Nxa6 1-0

[Event "*** SCC Grand Prix: Titled Tuesday Blitz"]
[Site "Chess.com"]
[Date "2020.10.13"]
[Round "2"]
[White "Msb2"]
[Black "TheMagnet"]
[Result "0-1"]
[WhiteElo "2928"]
[BlackElo "2610"]
[TimeControl "180+1"]
[EndTime "10:17:44 PDT"]
[Termination "TheMagnet won by resignation"]

1. d4 Nf6 2. c4 g6 3. Nc3 Bg7 4. e4 d6 5. Be2 O-O 6. Be3 c5 7. d5 e6 8. Nf3 exd5 9. cxd5 Bg4 10. Nd2 Bxe2 11. Qxe2 Re8 12. f3 a6 13. a4 Nbd7 14. O-O Rb8 15. Nc4 Ne5 16. Nxe5 Rxe5 17. Qd3 Re8 18. Rae1 Nd7 19. f4 Qa5 20. Bd2 Qc7 21. Kh1 c4 22. Qc2 b5 23. axb5 axb5 24. e5 dxe5 25. f5 Nc5 26. Ne4 Nxe4 27. Qxe4 Qd6 28. Qf3 e4 29. Rxe4 Rxe4 30. Qxe4 Rd8 31. f6 Bf8 32. Qh4 Qxd5 33. Bh6 Qf5 34. Bf4 b4 35. h3 c3 36. bxc3 bxc3 37. Kh2 c2 38.
Qg3 Rd1 39. Rf3 Qc5 40. Be3 c1=Q 41. Bxc1 Rxc1 42. Re3 Qd6 43. h4 Qxg3+ 44. Kxg3 h5 45. Rf3 Rc5 46. Kh3 Bd6 47. g4 hxg4+ 48. Kxg4 Rc4+ 49. Kg5 Rc5+ 50. Kg4 Re5 51. Rd3 Re6 52.
Kg5 Bf8 53. Rd5 Rc6 54. h5 gxh5 55. Rf5 Rc5 56. Rxc5 Bxc5 57. Kh6 h4 0-1

[Event "*** SCC Grand Prix: Titled Tuesday Blitz"]
[Site "Chess.com"]
[Date "2020.10.13"]
[Round "2"]
[White "chito89"]
[Black "Lion-Al-Messi"]
[Result "1-0"]
[WhiteElo "2805"]
[BlackElo "2539"]
[TimeControl "180+1"]
[EndTime "10:17:46 PDT"]
[Termination "chito89 won on time"]

1. e4 e6 2. d4 d5 3. Nc3 Nf6 4. e5 Nfd7 5. Nce2 c5 6. c3 Nc6 7.
Nf3 f6 8. Nf4 Qe7 9. Bb5 cxd4 10. Nxd4 Nxd4 11. Qxd4 a6 12. Bxd7+ Bxd7 13. O-O fxe5 14.
Qxe5 Qf6 15. Qh5+ Qf7 16. Qe2 Bb5 17. Qxe6+ Qxe6 18. Nxe6 Bd6 19. Rd1 Kf7 20. Ng5+ Kg6 21. Be3 Rad8 22. Ne6 Rd7 23. Nd4 Bc6 24. Rd2 Re8 25.
Rad1 Bb8 26. h3 Ba4 27. b3 Bc6 28. Nc2 Rf8 29. Nb4 Rfd8 30. Bb6 Re8 31. g3 Re6 32. Bc5 Re5 33. Be3 a5 34. Nc2 Re8 35. c4 Red8 36.
Bb6 Bc7 37. Bxc7 Rxc7 38. Ne3 Rcd7 39. cxd5 Bb5 40. Ng4 Kf5 41. Re1 Rxd5 42. Ne3+ 1-0

[Event "*** SCC Grand Prix: Titled Tuesday Blitz"]
[Site "Chess.com"]
[Date "2020.10.13"]
[Round "2"]
[White "valeriocarnicelli"]
[Black "Yaacovn"]
[Result "1-0"]
[WhiteElo "2541"]
[BlackElo "2752"]
[TimeControl "180+1"]
[EndTime "10:17:46 PDT"]
[Termination "valeriocarnicelli won on time"]

1. e4 c6 2. d4 d5 3. e5 Bf5 4. Nc3 Qb6 5. Nf3 e6 6. Be2 Ne7 7. O-O Bg6 8. Na4 Qc7 9. b3 Nf5 10. c4 Nd7 11. Bb2 Be7 12. Rc1 Qa5 13. Nc3 O-O 14. Qd2 Qd8 15. Rfd1 h5 16. c5 b6 17. b4 a5 18. b5 bxc5 19. bxc6 cxd4 20. Nb5 Nc5 21.
Nfxd4 Qb6 22. Rb1 Ne4 23. Qe1 Bb4 24. Qf1 Bc5 25. Ba1 Nxd4 26. Nxd4 Qc7 27. Rb7 Qxe5 28. Nb3 Qd6 29. Nxc5 Qxc5 30. Rc1 Qd6 31. Rd7 Qa3 32. c7 Rac8 33. Ba6 Nc5 34. Bxc8 Bd3 35. Qd1 Nxd7 36. Bxd7 Ba6 37. c8=Q Bxc8 38. Rxc8 Rxc8 39. Bxc8 Qxa2 40.
Ba6 a4 41. Qd4 Qb1+ 42. Bf1 f6 43. Qxa4 Qf5 44. Qe8+ Kh7 45. h3 e5 46. Qd8 d4 47.
Bb2 Qb1 48. Ba3 1-0

[Event "*** SCC Grand Prix: Titled Tuesday Blitz"]
[Site "Chess.com"]
[Date "2020.10.13"]
[Round "2"]
[White "mr_gustavo"]
[Black "Rodalquilar"]
[Result "0-1"]
[WhiteElo "2413"]
[BlackElo "2768"]
[TimeControl "180+1"]
[EndTime "10:17:46 PDT"]
[Termination "Rodalquilar won on time"]

1. e4 d5 2. exd5 Qxd5 3. Nc3 Qa5 4. d4 Nf6 5. Nf3 Bf5 6. Bd3 Nc6 7. O-O O-O-O 8. Bf4 Bxd3 9. Qxd3 Nb4 10. Qe2 Qf5 11. Bg3 e6 12. Qc4 Nfd5 13. a3 Nc6 14. b4 Bd6 15. Bxd6 Rxd6 16. b5 Na5 17. Nxd5 Nxc4 18. Ne7+ Kd8 19. Nxf5 exf5 20. a4 Re8 21. Rfe1 Re4 22. c3 f6 23. Kf1 Rde6 24. Rxe4 fxe4 25. Ne1 e3 26. f3 e2+ 27. Kf2 Nb2 28. Ra2 Nd1+ 29.
Kg1 Nxc3 30. Rc2 Nxa4 31. Kf2 Nb6 32. Rxe2 Kd7 33. Nd3 Rxe2+ 34. Kxe2 Kd6 35. Ke3 Nc4+ 36. Ke4 Nd2+ 37. Ke3 Nb3 38. Nf4 g5 39. Nh5 Ke6 40. g4 a5 0-1

[Event "*** SCC Grand Prix: Titled Tuesday Blitz"]
[Site "Chess.com"]
[Date "2020.10.13"]
[Round "2"]
[White "IvanSoriano1"]
[Black "tdf98pantani"]
[Result "0-1"]
[WhiteElo "2505"]
[BlackElo "2732"]
[TimeControl "180+1"]
[EndTime "10:17:47 PDT"]
[Termination "tdf98pantani won on time"]

1. e4 c6 2. d4 d5 3. e5 Bf5 4. Nf3 e6 5. Be2 Ne7 6. O-O c5 7. c4 Nbc6 8. Be3 dxc4 9. Na3 Nd5 10. Nxc4 Be7 11. dxc5 Nxe3 12. Nxe3 Qxd1 13. Rfxd1 Be4 14. Rac1 O-O 15. Nd2 Bg6 16. f4 Nd4 17. Kf2 Rfc8 18. b4 a5 19. a3 axb4 20. axb4 Ra2 21. Nec4 Nxe2 22. Kxe2 Bh5+ 23. Ke3 Bxd1 24. Rxd1 f6 25. Nd6 Rb8 26. b5 fxe5 27. fxe5 Bg5+ 28. Kd3 Rba8 29.
N2c4 Rxg2 30. c6 bxc6 31. bxc6 Bd8 32. Rb1 h5 33. Rb7 Ra6 34. Rb8 Rxc6 35. Rxd8+ Kh7 36. Re8 Rxh2 37. Rxe6 h4 38. Re7 h3 39. Nf5 Rg2 40.
Nce3 Rg5 41. Rf7 h2 42. Nxg7 Rxg7 43. Rf1 Rg1 44. Rf7+ Kg6 0-1

[Event "*** SCC Grand Prix: Titled Tuesday Blitz"]
[Site "Chess.com"]
[Date "2020.10.13"]
[Round "2"]
[White "venus02"]
[Black "Morshynska"]
[Result "1-0"]
[WhiteElo "2464"]
[BlackElo "2245"]
[TimeControl "180+1"]
[EndTime "10:17:47 PDT"]
[Termination "venus02 won on time"]

1. e4 e5 2. Nf3 Nc6 3. Bb5 a6 4. Bxc6 dxc6 5. d4 exd4 6. Qxd4 Qxd4 7. Nxd4 Bd7 8. Nc3 O-O-O 9. Be3 Bb4 10. O-O-O Bxc3 11. bxc3 Re8 12. f3 f5 13. Nb3 b6 14. Bd4 Nf6 15.
Bxf6 gxf6 16. exf5 Bxf5 17. Rde1 c5 18. Nd2 h5 19. g3 Kd7 20. a3 Rxe1+ 21. Rxe1 Re8 22. Rxe8 Kxe8 23. Nf1 Kd7 24. Ne3 Ke6 25. Kd2 Bg6 26.
Ng2 Ke5 27. Nf4 Bf7 28. h4 c4 29. Ke3 Kf5 30. Ne2 c5 31. Ng1 b5 32. Nh3 a5 33. Nf2 b4 34. cxb4 cxb4 35. axb4 axb4 36. Ne4 Ke5 37. Nd2 Kd5 38. g4 c3 39. Ne4 hxg4 40.
Nxf6+ 1-0

[Event "*** SCC Grand Prix: Titled Tuesday Blitz"]
[Site "Chess.com"]
[Date "2020.10.13"]
[Round "2"]
[White "CheckThis4"]
[Black "FairChess_on_YouTube"]
[Result "0-1"]
[WhiteElo "2605"]
[BlackElo "2998"]
[TimeControl "180+1"]
[EndTime "10:17:48 PDT"]
[Termination "FairChess_on_YouTube won by checkmate"]

1. d4 Nf6 2. Bg5 g6 3. Bxf6 exf6 4. e3 d5 5. c4 dxc4 6. Bxc4 Bd6 7. Nc3 c6 8. h4 h5 9. Nge2 Nd7 10. Qc2 Nb6 11. Bb3 Bf5 12. e4 Bg4 13. f3 Bd7 14.
O-O-O Qc7 15. Kb1 Rf8 16. Rc1 O-O-O 17. Rhd1 Kb8 18. Ka1 Bc8 19. a4 Na8 20. Qd3 Qa5 21.
d5 Nb6 22. Nd4 c5 23. Ndb5 Bf4 24. Rc2 a6 25. Na3 f5 26. Nc4 Nxc4 27. Qxc4 Be5 28.
Kb1 Bd7 29. exf5 Bxf5 30. Ne4 Bd4 31. Rxd4 cxd4 32. Qxd4 Rfe8 33. d6 Qe5 34. Qb6 Bxe4 35. Qc7+ Ka7 36. fxe4 Qxd6 37. Qxf7 Rxe4 38. Rc7 Rb4 39. Ka2 Qb6 40. Re7 Rd2 41. Re8 Qd4 42. Ka3 Rxa4+ 43. Bxa4 Qxb2# 0-1

[Event "*** SCC Grand Prix: Titled Tuesday Blitz"]
[Site "Chess.com"]
[Date "2020.10.13"]
[Round "2"]
[White "ClydeHillKid"]
[Black "esapunov"]
[Result "0-1"]
[WhiteElo "2315"]
[BlackElo "2657"]
[TimeControl "180+1"]
[EndTime "10:17:48 PDT"]
[Termination "esapunov won by resignation"]

1. e4 c5 2. Nf3 d6 3. d4 cxd4 4. Nxd4 Nf6 5. Nc3 Nc6 6. Bc4 e6 7. Be3 Be7 8. O-O O-O 9. f4 d5 10. exd5 exd5 11. Be2 Re8 12. Qd2 Bc5 13. Rad1 Qb6 14. Na4 Bxd4 15. Nxb6 Bxe3+ 16. Qxe3 Rxe3 17. Nxa8 Rxe2 18. Rfe1 Rxc2 19. Rxd5 h6 20. Rb5 b6 21. Nc7 Nd4 22. Rb4 Ne2+ 23. Kf1 Nxf4 24. Rxf4 Rxc7 25.
Kf2 Be6 26. a3 Nd5 27. Rd4 a5 28. b4 axb4 29. axb4 g5 30. g3 Kg7 31. Re2 Rc3 32. Red2 Nf6 33. h4 g4 34. Rf4 Rb3 35. Rd6 b5 36.
Rd2 Rc3 37. Rdd4 Kg6 38. Rd2 Rb3 39. Rdd4 Nh5 40. Rxg4+ Bxg4 41. Rxg4+ Kf6 42. Rd4 Ng7 43. Rf4+ Ke7 44. Re4+ Ne6 45. g4 Rh3 46. g5 hxg5 47. hxg5 Rh5 48. Re5 Rxg5 49. Rxg5 Nxg5 50. Ke3 Ke6 51. Kd4 Kd6 52. Ke3 Kd5 53. Kd3 Ne6 54.
Kc3 Ke4 0-1